 Dungeon Crawl Stone Soup version 0.29.1-1-gd02db6906a (webtiles) character file.

Game seed: 8010174447254579403

543 Sabo the Magician (level 7, -6/32 HPs)
             Began as a Spriggan Air Elementalist on Sept 25, 2022.
             Was a High Priest of Elyvilon.
             Mangled by an acid dragon (9 damage)
             ... on level 5 of the Dungeon.
             The game lasted 00:38:52 (6407 turns).

Sabo the Magician (Spriggan Air Elementalist)       Turns: 6407, Time: 00:38:53

Health: -6/32      AC:  0    Str: 13    XL:     7   Next: 6%
Magic:  11/15      EV: 18    Int: 18    God:    Elyvilon [*****.]
Gold:   231        SH:  0    Dex: 16    Spells: 14/15 levels left

rFire   . . .      SeeInvis +   n - +7 short sword of Equivalence {venom, Str+3}
rCold   . . .      Faith    .   (no shield)
rNeg    + . .      Spirit   .   a - +2 robe
rPois   .          Reflect  .   (helmet restricted)
rElec   .          Harm     .   (no cloak)
rCorr   .          Rampage  .   (gloves unavailable)
Will    +....                   (boots unavailable)
Stlth   +++.......              d - amulet of the acrobat
HPRegen 0.10/turn               l - +6 ring of strength
MPRegen 0.14/turn               s - ring of positive energy

@: corroded, very quick
A: very small, no large weapons, unfitting armour, see invisible, speed 3
a: Renounce Religion, Purification, Heal Other, Heal Self, Divine Vigour


You were on level 5 of the Dungeon.
You worshipped Elyvilon.
Elyvilon was extremely pleased with you.
You visited 1 branch of the dungeon, and saw 5 of its levels.

You collected 231 gold pieces.

Inventory:

Hand Weapons
 h - a +0 sling
 n - the +7 short sword of Equivalence (weapon) {venom, Str+3}
   (You took it off a kobold on level 2 of the Dungeon)

   It poisons the flesh of those it strikes.
   Str:       It affects your strength (+3).
Missiles
 p - 7 boomerangs
 r - 10 poisoned darts
Armour
 a - a +2 robe (worn)
Jewellery
 d - an amulet of the acrobat (around neck)
 l - a +6 ring of strength (left hand)
 m - a ring of resist corrosion
 s - a ring of positive energy (right hand)
Scrolls
 f - a scroll of poison
 j - 2 scrolls of enchant armour
 k - a scroll of amnesia {unknown}
 o - a scroll of summoning {unknown}
Potions
 b - a potion of magic
 c - 2 potions of attraction {unknown}
 e - a potion of ambrosia
 g - a potion of cancellation {unknown}
 i - a potion of lignification {unknown}
 q - 2 potions of curing {unknown}
 t - 2 potions of brilliance {unknown}


   Skills:
 + Level 0.3 Fighting
 + Level 2.8 Short Blades
 + Level 3.9 Dodging
 + Level 3.8 Stealth
 + Level 4.7 Spellcasting
 + Level 2.6 Conjurations
 + Level 4.4 Air Magic


You had 14 spell levels left.
You knew the following spells:

 Your Spells              Type           Power      Damage    Failure   Level
a - Shock                 Conj/Air       68%        1d7       3%          1

Your spell library contained the following spells:

 Spells                   Type           Power      Damage    Failure   Level
 Static Discharge         Conj/Air       17%        3-6/arc   4%          2
 Swiftness                Air            20%        N/A       7%          3
 Airstrike                Air            10%        2d(2-18)  22%         4


Dungeon Overview and Level Annotations

Branches:
Dungeon (5/15)             Temple (0/1) D:4

Altars:
Elyvilon


Innate Abilities, Weirdness & Mutations

You are very small and have problems with some larger weapons.
You are too small for most types of armour.
You have supernaturally acute eyesight. (SInv)
You cover ground extremely quickly. (Speed+++)


Message History

Aiming: Shock (safe; 3% risk of failure)
Press: ? - help, Shift-Dir - straight line, f/p - acid dragon
Aim: an acid dragon (lightly wounded, 71% to hit)
The zap hits the acid dragon but does no damage.
The acid dragon is lightly wounded.
The jelly quivers.
Casting: Shock (safe; 3% risk of failure)
Confirm with . or Enter, or press ? or * to list all spells.
Aiming: Shock (safe; 3% risk of failure)
Press: ? - help, Shift-Dir - straight line, f/p - acid dragon
Aim: an acid dragon (lightly wounded, 71% to hit)
The zap hits the acid dragon but does no damage.
The acid dragon is lightly wounded.
Casting: Shock (safe; 3% risk of failure)
Confirm with . or Enter, or press ? or * to list all spells.
Aiming: Shock (safe; 3% risk of failure)
Press: ? - help, Shift-Dir - straight line, f/p - acid dragon
Aim: an acid dragon (lightly wounded, 71% to hit)
The zap hits the jelly.
The jelly is lightly wounded.
The zap hits the acid dragon.
The acid dragon is moderately wounded.
You puncture the jelly!
Your hands burn!
The jelly is severely wounded.
The jelly misses you.
You puncture the jelly!
You kill the jelly!
The acid dragon spits acid at you. The splash of acid hits you!!
Ouch! That really hurt!
* * * LOW HITPOINT WARNING * * *
The acid corrodes you!
Found 11 gold pieces.
The acid dragon bites you! Elyvilon protects you from harm!
The acid dragon claws you.
* * * LOW HITPOINT WARNING * * *
You hit the acid dragon.
The acid dragon is lightly wounded.
The acid dragon bites you!
You die...

#..##
#####...#
#.......# #
#.#####.# .#
#.# .. #.# #.
#.#
...#..#####.#
$.....D@....#
####..#######
#. #


You could see an acid dragon (catching breath).

Vanquished Creatures
  A sky beast (D:5)
  A scorpion (D:5)
  A hound (D:4)
  2 jellies (D:5)
  Jessica (D:2)
  Natasha (thrice) (D:3)
  2 orc wizards (D:3)
  Robin (D:3)
  4 adders
  2 worms (D:4)
  4 dart slugs
  3 orcs (D:3)
  6 ball pythons
  3 bats
  10 endoplasms
  3 giant cockroaches
  11 goblins
  12 hobgoblins
  11 kobolds
  3 quokkas (D:1)
  3 frilled lizards
  5 rats
92 creatures vanquished.

Vanquished Creatures (others)
  10 plants (D:5)
10 creatures vanquished.

Grand Total: 102 creatures vanquished

Notes
Turn   | Place    | Note
-------+----------+-------------------------------------------
     0 | D:1      | Sabo the Spriggan Air Elementalist began the quest for the
                  | Orb.
     0 | D:1      | Reached XP level 1. HP: 9/9 MP: 5/5
    15 | D:1      | Found a faded altar of an unknown god.
    37 | D:1      | Prayed at the altar of an unknown god.
    37 | D:1      | Became a worshipper of Elyvilon the Healer
    37 | D:1      | Reached * piety under Elyvilon
   453 | D:1      | Reached XP level 2. HP: 13/13 MP: 2/6
  1063 | D:1      | Reached ** piety under Elyvilon
  1568 | D:2      | Reached skill level 1 in Conjurations
  1568 | D:2      | Reached XP level 3. HP: 5/16 MP: 3/8
  2653 | D:2      | Noticed Jessica
  2658 | D:2      | Killed Jessica
  2659 | D:2      | Reached XP level 4. HP: 21/21 MP: 5/9
  3017 | D:2      | Identified the +7 short sword of Equivalence {venom, Str+3}
  3228 | D:3      | Reached skill level 1 in Short Blades
  3238 | D:3      | Elyvilon protects you from harm!
  3239 | D:3      | Elyvilon protects you from harm!
  3239 | D:3      | HP: 1/21 [orc/+0 war axe (7)]
  3241 | D:3      | Reached XP level 5. HP: 1/24 MP: 8/11
  3540 | D:3      | Noticed Robin
  3552 | D:3      | Killed Robin
  3663 | D:3      | Reached *** piety under Elyvilon
  3669 | D:3      | Noticed Natasha
  3694 | D:3      | Killed Natasha
  3932 | D:3      | Noticed Natasha
  3945 | D:3      | Killed Natasha
  4232 | D:3      | Noticed Natasha
  4239 | D:3      | Killed Natasha
  4305 | D:3      | Reached XP level 6. HP: 28/28 MP: 12/12
  5172 | D:4      | Found a white marble altar of Elyvilon.
  5188 | D:4      | Reached **** piety under Elyvilon
  5787 | D:4      | Found a staircase to the Ecumenical Temple.
  5964 | D:5      | Entered Level 5 of the Dungeon
  6028 | D:5      | Noticed a sky beast
  6053 | D:5      | Killed a sky beast
  6284 | D:5      | Reached XP level 7. HP: 32/32 MP: 9/14
  6380 | D:5      | Reached ***** piety under Elyvilon
  6406 | D:5      | Elyvilon protects you from harm!
  6407 | D:5      | Mangled by an acid dragon

Illustrated notes

Levels and vault maps discovered:
D:1:      amcnicky_arrival_blooded_trapdoor, layout_loops_ring,
          ebering_ecumenical_altar_hall
D:2:      layout_loops_cross, minmay_tetromino_i4, uniq_jessica
D:3:      layout_loops_ring, hangedman_decor_growths, uniq_natasha, uniq_robin
D:4:      layout_basic, mainiacjoe_overflow_boulevard, temple_hall,
          minmay_misc_feat_enclosed
D:5:      minmay_general_purpose_star, layout_loops_ring, serial_bayou_lagoon_b

Skill      XL: |  1  2  3  4  5  6 |
---------------+-------------------+-----
Air Magic      | 3 4 |  4.4
Spellcasting   | 3 4 |  4.7
Conjurations   | 1 2 |  2.6
Short Blades   | 2 |  2.8
Dodging        | 3 |  3.9
Fighting       | |  0.3
Stealth        | |  3.8

Action                   |  1- 3 |  4- 6 |  7- 9 || total
-------------------------+-------+-------+-------++-------
Melee: Short sword       |     4 |    60 |     3 ||    67
       Dagger            |     6 |       |       ||     6
       Spear             |     1 |       |       ||     1
       Punch             |       |     1 |       ||     1
 Cast: Shock             |    75 |    85 |     4 ||   164
Invok: Purification      |     1 |       |       ||     1
  Use: Potion            |     3 |       |       ||     3
       Scroll            |       |     4 |       ||     4
Armor: Robe              |       |     8 |       ||     8
Dodge: Dodged            |    13 |    40 |     1 ||    54
